 Dungeon Crawl Stone Soup version 0.28.0 (webtiles) character file.

Game seed: 12422133523682080677

201 unlimited1921 the Vexing (level 5, -2/41 HPs)
             Began as a Gnoll Arcane Marksman on Feb 5, 2022.
             Slain by a phantom (8 damage)
             ... on level 4 of the Dungeon.
             The game lasted 00:19:51 (3836 turns).

unlimited1921 the Vexing (Gnoll Arcane Marksman)    Turns: 3836, Time: 00:19:51

Health: -2/41      AC: 12    Str: 12    XL:     5   Next: 79%
Magic:  9/9        EV: 11    Int: 12    God:
Gold:   165        SH:  0    Dex: 12    Spells: 6/10 levels left

rFire   . . .      SeeInvis .   d - +0 long sword (drain)
rCold   . . .      Faith    .   (no shield)
rNeg    . . .      Spirit   .   w - +3 ring mail
rPois   .          Reflect  .   z - +1 helmet
rElec   .          Harm     .   (no cloak)
rCorr   .          Rampage  .   (no gloves)
Will    .....                   h - +1 pair of boots
Stlth   +.........              (no amulet)
HPRegen 0.13/turn               (no ring)
MPRegen 0.11/turn               (no ring)

@: brilliant
A: fangs 1, strong nose, distributed training
a: no special abilities


You were on level 4 of the Dungeon.
You visited 1 branch of the dungeon, and saw 4 of its levels.

You collected 165 gold pieces.

Inventory:

Hand Weapons
 a - a +1 hand crossbow
 d - a +0 long sword of draining (weapon)
 k - a +0 dagger
 n - a +0 dagger of venom
 o - a +0 short sword
 p - a +0 long sword
 q - a +0 hunting sling
Missiles
 c - 38 bolts
 f - 54 arrows
 r - 5 silver javelins
 s - 2 poisoned darts
 v - 124 stones
Armour
 e - a +0 leather armour
 h - a +1 pair of boots (worn)
 t - a +0 scale mail
 w - a +3 ring mail (worn)
 z - a +1 helmet (worn)
Jewellery
 A - a +6 ring of intelligence
Wands
 g - a wand of acid (4) (quivered)
Scrolls
 b - 3 scrolls of identify {unknown}
 i - 2 scrolls of magic mapping {unknown}
 j - 4 scrolls of teleportation {unknown}
 l - a scroll of vulnerability {unknown}
Potions
 m - 2 potions of might


   Skills:
 + Level 3.0 Fighting
 + Level 1.6 Short Blades
 + Level 1.6 Long Blades
 + Level 1.6 Axes
 + Level 1.6 Maces & Flails
 + Level 1.6 Polearms
 + Level 1.6 Staves
 + Level 1.6 Slings
 + Level 1.6 Bows
 + Level 4.8 Crossbows
 + Level 1.6 Throwing
 + Level 1.6 Armour
 + Level 4.8 Dodging
 + Level 1.6 Stealth
 + Level 1.6 Shields
 + Level 1.6 Unarmed Combat
 + Level 3.2 Spellcasting
 + Level 1.3 Conjurations
 + Level 5.6 Hexes
 + Level 1.3 Summonings
 + Level 1.3 Necromancy
 + Level 1.3 Translocations
 + Level 1.3 Transmutations
 + Level 1.3 Fire Magic
 + Level 1.3 Ice Magic
 + Level 1.3 Air Magic
 + Level 1.3 Earth Magic
 + Level 1.3 Poison Magic
 + Level 1.8 Invocations
 + Level 1.6 Evocations


You had 6 spell levels left.
You knew the following spells:

 Your Spells              Type           Power      Damage    Failure   Level
a - Slow                  Hex            92%        N/A       5%          1
b - Inner Flame           Hex/Fire       15%        N/A       36%         3

Your spell library contained the following spells:

 Spells                   Type           Power      Damage    Failure   Level
 Portal Projectile        Hex/Tloc       30%        N/A       36%         3
 Sublimation of Blood     Necr           7%         N/A       43%         2
 Wereblood                Tmut           7%         N/A       43%         2
 Cause Fear               Hex            11%        N/A       47%         4
 Summon Hydra             Summ           3%         N/A       100%        7


Dungeon Overview and Level Annotations

Branches:
Dungeon (4/15)
 Temple: D:4-7

Altars:


Innate Abilities, Weirdness & Mutations

You have very sharp teeth.
Your uncanny sense of smell can sniff out nearby items.
Your experience applies equally to all skills.


Message History

Press: ? - help, Q - select action, (/) - cycle Shift-Dir - straight line, p - phantom The phantom closely misses you.
A hound comes into view.
Aiming: Corrosive Bolt
Press: ? - help, Q - select action, (/) - cycle Shift-Dir - straight line, f - phantom
Aim: a phantom (severely damaged, 60% to hit)
The hound barks!
The phantom closely misses you.
Unknown command.
Unknown command.
Unknown command.
Unknown command.
Unknown command.
As you read the scroll labelled OFIEDE SIGRYQALO, it crumbles to dust.
It is a scroll of enchant weapon.
Your +0 hand crossbow glows red for a moment.
The phantom hits you but does no damage.
Blink to where?
Press: ? - help, Dir - move target Blink to where?
Press: ? - help, Dir - move target Blink to where?
Press: ? - help, Dir - move target, f - you Blink to where?
Press: ? - help, Dir - move target, f - you Targeting interrupted by HUP signal.
Cancelling blink due to HUP.
As you read the scroll labelled OMOCKIE WUCICO, it crumbles to dust.
It was a scroll of blinking.
The phantom hits you but does no damage.
Welcome back, unlimited1921 the Gnoll Arcane Marksman.
Press ? for a list of commands and other information.
The hound bites you but does no damage.
Welcome back, unlimited1921 the Gnoll Arcane Marksman.
Press ? for a list of commands and other information.
As you read the scroll labelled MUNEID LIFO, it crumbles to dust.
You assume a fearsome visage.
The phantom is unaffected.
The orc looks frightened!
The hound looks frightened!
It was a scroll of fear.
The phantom hits you!
You die...

#.# #.### #...#
###.############
#.....o......#
############.#
#o# #W# #@# #.#
#h# #.# #.# #.#
#.# ..#


You could see a phantom, a hound (fleeing) and an orc (fleeing).

Vanquished Creatures
  A scorpion (D:3)
  A hound skeleton (D:4)
  Robin (D:4)
  4 adders
  3 dart slugs
  4 orcs
  4 ball pythons
  5 bats
  4 endoplasms
  A giant cockroach (D:4)
  13 goblins
  6 hobgoblins
  3 jackals (D:1)
  9 kobolds
  2 quokkas (D:1)
  A frilled lizard (D:3)
  5 rats
67 creatures vanquished.

Notes
Turn   | Place    | Note
-------+----------+-------------------------------------------
     0 | D:1      | unlimited1921 the Gnoll Arcane Marksman began the quest for
                  | the Orb.
     0 | D:1      | Reached XP level 1. HP: 17/17 MP: 4/4
    26 | D:1      | Reached XP level 2. HP: 23/23 MP: 5/5
   961 | D:2      | Reached XP level 3. HP: 19/28 MP: 7/7
  1414 | D:2      | Learned a level 3 spell: Inner Flame
  2115 | D:3      | Reached skill level 1 in Invocations
  2386 | D:3      | Reached skill level 1 in Short Blades
  2386 | D:3      | Reached skill level 1 in Long Blades
  2386 | D:3      | Reached skill level 1 in Axes
  2386 | D:3      | Reached skill level 1 in Maces & Flails
  2386 | D:3      | Reached skill level 1 in Polearms
  2386 | D:3      | Reached skill level 1 in Staves
  2386 | D:3      | Reached skill level 1 in Slings
  2386 | D:3      | Reached skill level 1 in Bows
  2386 | D:3      | Reached skill level 1 in Throwing
  2386 | D:3      | Reached skill level 1 in Armour
  2386 | D:3      | Reached skill level 1 in Stealth
  2386 | D:3      | Reached skill level 1 in Shields
  2386 | D:3      | Reached skill level 1 in Unarmed Combat
  2386 | D:3      | Reached skill level 1 in Evocations
  2743 | D:3      | Reached XP level 4. HP: 34/34 MP: 8/8
  2820 | D:3      | Noticed a scorpion
  2845 | D:3      | Killed a scorpion
  2846 | D:3      | Reached skill level 1 in Conjurations
  2846 | D:3      | Reached skill level 1 in Summonings
  2846 | D:3      | Reached skill level 1 in Necromancy
  2846 | D:3      | Reached skill level 1 in Translocations
  2846 | D:3      | Reached skill level 1 in Transmutations
  2846 | D:3      | Reached skill level 1 in Fire Magic
  2846 | D:3      | Reached skill level 1 in Ice Magic
  2846 | D:3      | Reached skill level 1 in Air Magic
  2846 | D:3      | Reached skill level 1 in Earth Magic
  2846 | D:3      | Reached skill level 1 in Poison Magic
  2846 | D:3      | Reached XP level 5. HP: 8/40 MP: 9/9
  3477 | D:4      | Noticed Robin
  3488 | D:4      | Killed Robin
  3769 | D:4      | Noticed a phantom
  3805 | D:4      | HP: 2/41 [phantom (5)]
  3836 | D:4      | Slain by a phantom

Illustrated notes

Levels and vault maps discovered:
D:1:      dpeg_arrival_stonehenge_8_columns, layout_loops_ring,
          hangedman_decor_clover_reticule
D:2:      layout_basic
D:3:      layout_rooms, minmay_divided_ellipse
D:4:      layout_basic, minitemple, kennysheep_generic_room_3, uniq_robin

Skill      XL: |  1  2  3  4  5 |
---------------+----------------+-----
Invocations    | 1 |  1.8
Short Blades   | 1 |  1.6
Long Blades    | 1 |  1.6
Axes           | 1 |  1.6
Maces & Flails | 1 |  1.6
Polearms       | 1 |  1.6
Staves         | 1 |  1.6
Slings         | 1 |  1.6
Bows           | 1 |  1.6
Throwing       | 1 |  1.6
Armour         | 1 |  1.6
Stealth        | 1 |  1.6
Shields        | 1 |  1.6
Unarmed Combat | 1 |  1.6
Evocations     | 1 |  1.6
Spellcasting   | 3 |  3.2
Conjurations   | 1 |  1.3
Summonings     | 1 |  1.3
Necromancy     | 1 |  1.3
Translocations | 1 |  1.3
Transmutations | 1 |  1.3
Fire Magic     | 1 |  1.3
Ice Magic      | 1 |  1.3
Air Magic      | 1 |  1.3
Earth Magic    | 1 |  1.3
Poison Magic   | 1 |  1.3
Fighting       | 3 |  3.0
Crossbows      | |  4.8
Dodging        | |  4.8
Hexes          | |  5.6

Action                   |  1- 3 |  4- 6 || total
-------------------------+-------+-------++-------
Melee: Short sword       |     6 |       ||     6
       Bite              |     1 |     1 ||     2
       Long sword        |       |    29 ||    29
       Punch             |       |     1 ||     1
 Fire: Hand crossbow     |    77 |    72 ||   149
Throw: Dart              |       |     2 ||     2
       Javelin           |       |     2 ||     2
 Cast: Slow              |       |     1 ||     1
Evoke: Wand              |       |     3 ||     3
  Use: Potion            |     1 |     5 ||     6
       Scroll            |       |     3 ||     3
Armor: Robe              |     3 |       ||     3
       Ring mail         |     3 |    41 ||    44
       Skin              |       |     7 ||     7
Dodge: Dodged            |    23 |    51 ||    74
